 Dungeon Crawl Stone Soup version 0.32-a0-861-g165e151 (webtiles) character file.

Game seed: 4976315732633838444

2064 NahIdwin the Carver (level 9, -13/71 HPs)
             Began as a Barachi Artificer on Mar 27, 2024.
             Was a Follower of Cheibriados.
             Mangled by Joseph
             ... wielding a +0 quarterstaff
              (16 damage)
             ... on level 7 of the Dungeon.
             The game lasted 00:20:29 (8818 turns).

NahIdwin the Carver (Barachi Artificer)             Turns: 8818, Time: 00:20:30

Health: -13/71     AC: 12    Str: 16    XL:     9   Next: 25%
Magic:  0/19       EV: 13    Int: 15    God:    Cheibriados [*.....]
Gold:   427        SH:  0    Dex: 20    Spells: 8/8 levels left

rFire   . . .        m - +2 dagger (venom)
rCold   + . .        (no shield)
rNeg    . . .        y - +1 ring mail {rC+}
rPois   .            (no helmet)
rElec   .            (no cloak)
rCorr   .            x - +0 pair of gloves
SInv    .            C - +0 pair of boots
Will    .....        s - amulet of guardian spirit
Stlth   +            z - +4 ring of protection
HPRegen 0.31/turn    k - ring of magical power
MPRegen 0.16/turn

%: guardian spirit
@: studying Shields, very slow
A: amphibious, slowness 1, strong legs 1, +LOS
a: Hop, Renounce Religion, Bend Time


You were on level 7 of the Dungeon.
You worshipped Cheibriados.
Cheibriados was aware of your devotion.
You visited 2 branches of the dungeon, and saw 8 of its levels.

You collected 427 gold pieces.

Inventory:

Hand Weapons
 l - a +0 dagger
 m - a +2 dagger of venom (weapon)
Missiles
 w - 2 throwing nets
Armour
 x - a +0 pair of gloves (worn)
 y - a +1 ring mail of cold resistance (worn)
 C - a +0 pair of boots (worn)
Magical Staves
 a - the staff of Hepliaklqana's Grace {Int+4 Earth}
   (You found it on level 6 of the Dungeon)

   [staff of earth]

   Base accuracy: +5 Base damage: 5 Base attack delay: 1.2 This weapon's minimum
   attack delay (0.6) is reached at skill level 12.
   Int+4:     It affects your intelligence (+4).
   Earth:     It increases the power of your Earth spells.
   It falls into the 'Staves' category.
   It is a one-handed weapon.
Jewellery
 b - a ring of flight
 k - a ring of magical power (right hand)
 s - an amulet of guardian spirit (around neck)
 z - a +4 ring of protection (left hand)
Wands
 d - a wand of charming (13)
Scrolls
 i - 2 scrolls of teleportation
 n - a scroll of blinking
 p - a scroll of immolation
 q - a scroll of brand weapon
 v - 3 scrolls of fog {unknown}
 A - a scroll of summoning {unknown}
 B - 2 scrolls of noise {unknown}
Potions
 e - 2 potions of curing
 g - a potion of heal wounds
 h - a potion of magic {unknown}
 j - 4 potions of mutation
 o - 2 potions of attraction {unknown}
 r - 2 potions of brilliance {unknown}
 t - 3 potions of degeneration {unknown}
 u - a potion of might {unknown}


   Skills:
 + Level 6.4 Fighting
 - Level 10.0 Long Blades
 - Level 2.7 Armour
 + Level 5.7 Dodging
 - Level 0.8 Stealth
 + Level 2.5 Invocations
 - Level 3.8 Evocations


You had 8 spell levels left.
You didn't know any spells.
Your spell library contained the following spells:

 Spells                   Type           Power      Damage    Failure   Level
 Necrotise                Necr           0%         1d4       45%         1
 Teleport Other           Tloc           0%         N/A       83%         3
 Vampiric Draining        Necr           0%         2d6       83%         3
 Martyr's Knell           Necr/Summ      0%         N/A       99%         4
 Summon Blazeheart Golem  Fire/Summ      0%         N/A       99%         4
 Curse of Agony           Necr           0%         N/A       100%        5
 Dispersal                Tloc           0%         N/A       100%        6
 Gell's Gavotte           Tloc           0%         2d(11-16) 100%        6
 Orb of Destruction       Conj           0%         9d5       100%        7
 Spellforged Servitor     Conj/Summ      0%         N/A       100%        7


Dungeon Overview and Level Annotations

Branches:
Dungeon (7/15)             Temple (1/1) D:4

Altars:
Ashenzari
Cheibriados
Dithmenos
Elyvilon
Fedhas
Hepliaklqana
Kikubaaqudgha
Makhleb
Nemelex Xobeh
Okawaru
Qazlal
Ru
Sif Muna
Trog
Uskayaw
Vehumet
Wu Jian
Xom
Yredelemnul
Zin
The Shining One

Annotations:
D:7 Joseph


Innate Abilities, Weirdness & Mutations

You are amphibious.
You cover ground slowly.
You can hop short distances.
You have an extended range of vision and can be seen from far away.


Message History

Joseph is heavily wounded.
You are ready to hop once more.
Joseph hits you with a +0 quarterstaff.
* * * LOW HITPOINT WARNING * * *
Unknown command.
Unknown command.
You hit Joseph but do no damage.
Joseph looks as sick as possible!
Joseph is heavily wounded.
Joseph hits you with a +0 quarterstaff!
* * * LOW HITPOINT WARNING * * *
Unknown command.
You feel much better. Joseph closely misses you.
You hit Joseph.
Joseph looks as sick as possible!
Joseph is heavily wounded.
Joseph hits you with a +0 quarterstaff!
You closely miss Joseph.
Joseph is severely wounded.
You hit Joseph but do no damage.
Joseph looks as sick as possible!
Joseph is severely wounded.
Joseph hits you with a +0 quarterstaff!
* * * LOW HITPOINT WARNING * * *
You hit Joseph.
Joseph looks as sick as possible!
Joseph is severely wounded.
Joseph hits you with a +0 quarterstaff!
* * * LOW HITPOINT WARNING * * *
You hit Joseph.
Joseph looks as sick as possible!
Joseph is almost dead.
You barely miss Joseph.
Joseph is almost dead.
Joseph hits you with a +0 quarterstaff!
* * * LOW HITPOINT WARNING * * *
Unknown command.
Unknown command.
Aiming: Throw Flame
Press: ? - help, Shift-Dir - straight line, f - Joseph
Aim: Joseph, wielding a +0 quarterstaff and wearing a +0 leather armour (almost dead, extremely poisoned, 71% to hit)
The puff of flame misses Joseph.
The now-empty wand crumbles to dust.
Joseph hits you with a +0 quarterstaff!
You die...
Cheibriados appreciates the motionlessness of death.

#..>#####.####..).......##.#####.
#..## #..#.#####<.........## ##
#...####.....#####.##.......#####
##.......##...#....##...........#
.#...............#.........##..>.
...#...#..#.....##...##....###...
##.....##.#.....##......#..##....
###.....................##......#
#...............@.......##.......
##..............@..##...##...(...
......##..........###..#....)....
......###..........##..#..##)...<
....#....<#...............####...
#..##.....##..............# #...
##. #... #.....#..#...#.. ##.. ##
.>. #..$..##.#...#.... ##.
.......##.##..@..# .#..


You could see Joseph (extremely poisoned).

Vanquished Creatures
  A vampire mosquito (D:6)
  A water moccasin (D:6)
  An orc warrior (D:6)
  An ice beast (D:6)
  2 sky beasts
  2 ogres (D:5)
  A centaur (D:7)
  4 bullfrogs
  A gnoll sergeant (D:7)
  2 scorpions
  A howler monkey (D:5)
  3 jellies
  2 hounds (D:6)
  2 gnoll boudas
  An orc priest (D:6)
  2 iguanas
  Terence (D:2)
  2 orc wizards (D:7)
  21 gnolls
  6 adders
  2 shadow imps
  2 dart slugs (D:1)
  4 orcs
  7 ball pythons
  10 endoplasms
  A giant cockroach (D:1)
  9 goblins
  4 hobgoblins
  9 jackals
  A quokka (D:5)
  3 bats
  2 frilled lizards
  10 kobolds
  7 rats
128 creatures vanquished.

Vanquished Creatures (collateral kills)
  A gnoll (D:4)
1 creature vanquished.

Grand Total: 129 creatures vanquished

Notes
Turn   | Place    | Note
-------+----------+-------------------------------------------
     0 | D:1      | NahIdwin the Barachi Artificer began the quest for the Orb.
     0 | D:1      | Reached XP level 1. HP: 15/15 MP: 1/1
   108 | D:1      | Reached XP level 2. HP: 21/21 MP: 2/2
   502 | D:1      | Reached skill level 1 in Long Blades
   502 | D:1      | Reached XP level 3. HP: 23/26 MP: 3/3
   743 | D:1      | Found a faded altar of an unknown god.
  1215 | D:2      | Reached skill level 2 in Long Blades
  1537 | D:2      | Noticed Terence
  1780 | D:2      | Reached skill level 3 in Long Blades
  1780 | D:2      | Reached XP level 4. HP: 21/32 MP: 4/4
  2332 | D:3      | Reached skill level 4 in Long Blades
  3116 | D:4      | Found a glowing silver altar of Zin.
  3142 | D:4      | Reached XP level 5. HP: 37/37 MP: 5/5
  3271 | D:4      | Reached skill level 5 in Long Blades
  3569 | D:4      | Found a staircase to the Ecumenical Temple.
  3604 | D:4      | Found a shimmering blue altar of Sif Muna.
  3991 | D:4      | Reached skill level 6 in Long Blades
  3991 | D:4      | Reached XP level 6. HP: 17/43 MP: 3/6
  4720 | D:2      | Killed Terence
  4959 | D:5      | Entered Level 5 of the Dungeon
  4971 | D:5      | Reached skill level 7 in Long Blades
  4989 | D:5      | Found a blossoming altar of Fedhas.
  5049 | D:5      | Reached XP level 7. HP: 39/48 MP: 7/7
  5266 | D:5      | Reached skill level 8 in Long Blades
  6030 | Temple   | Entered the Ecumenical Temple
  6051 | Temple   | Became a worshipper of Cheibriados the Contemplative
  6450 | D:4      | Reached skill level 9 in Long Blades
  6638 | D:6      | Found a hide-covered altar of Uskayaw.
  6651 | D:6      | Identified the staff of Hepliaklqana's Grace {Int+4 Earth}
  6769 | D:6      | Reached XP level 8. HP: 28/57 MP: 8/8
  7238 | D:6      | Reached * piety under Cheibriados
  7503 | D:6      | Reached skill level 10 in Long Blades
  7612 | D:6      | Reached skill level 5 in Fighting
  7801 | D:6      | Found a broken altar of Ashenzari.
  7970 | D:6      | Found a sparkling altar of Nemelex Xobeh.
  8133 | D:6      | Reached skill level 1 in Invocations
  8211 | D:7      | Reached skill level 5 in Dodging
  8211 | D:7      | Reached XP level 9. HP: 69/69 MP: 10/10
  8671 | D:7      | Found a burning altar of Makhleb.
  8719 | D:7      | Noticed Joseph
  8817 | D:7      | HP: 3/71 [Joseph/+0 quarterstaff (12)]
  8818 | D:7      | Mangled by Joseph

Illustrated notes

Levels and vault maps discovered:
D:1:      dpeg_arrival_boxorama, layout_loops_ring,
          shapermc_ecumenical_altar_ellora, minmay_tripent
D:2:      layout_basic, uniq_terence
D:3:      layout_loops_cross, minmay_misc_feat_nine_boxes
D:4:      layout_loops_ring, overflow_temple_1_default, led_sif_pool,
          minmay_temple_entry_from_below_a, serial_co_window_serial,
          co_window_corner_a, co_window_of_opportunity_a, co_window_paths_b,
          co_window_of_opportunity_a, co_window_corner_a, co_window_corner_b,
          co_window_2corner, co_window_paths_c, co_window_corner_b,
          glass_columns_a
D:5:      layout_basic, mainiacjoe_overflow_tiny_flanked, minivault_1,
          nicolae_zen_rock_garden, minmay_crystal_room
D:6:      layout_basic, mainiacjoe_overflow_surrounded_room,
          nemelex_spade_bored_becter, nicolae_uskayaw_dance_hall,
          minmay_manual_monolith
D:7:      layout_cave_pools, old_standard_altar, uniq_joseph,
          uniq_crazy_yiuf_cottage
Temple:   dpeg_chambers_temple

Skill      XL: |  1  2  3  4  5  6  7  8  9 |
---------------+----------------------------+-----
Long Blades    | 1 3 4 6 7 9 10 | 10.0
Dodging        | 2 5 |  5.7
Fighting       | 2 5 6 |  6.4
Invocations    | 1 2 |  2.5
Armour         | |  2.7
Stealth        | |  0.8
Evocations     | |  3.8

Action                     |  1- 3 |  4- 6 |  7- 9 || total
---------------------------+-------+-------+-------++-------
  Melee: Club              |   185 |       |       ||   185
         Dagger            |    14 |   196 |   368 ||   578
  Throw: Throwing net      |       |     1 |       ||     1
 Invoke: Bend Time         |       |       |     3 ||     3
Ability: Hop               |     3 |     2 |     5 ||    10
  Evoke: Wand              |    11 |     7 |     4 ||    22
    Use: Scroll            |       |     5 |     3 ||     8
         Potion            |       |       |     1 ||     1
   Stab: Sleeping          |       |     3 |       ||     3
         Held in net/web   |       |     1 |       ||     1
 Armour: Leather armour    |   160 |    55 |       ||   215
         Ring mail         |       |    45 |   207 ||   252
  Dodge: Dodged            |   156 |    83 |   176 ||   415

Table legend: (Time is in decaauts)
 A = Elapsed time spent in this place.
 B = Non-inter-level travel time spent in this place.
 C = Inter-level travel time spent in this place.
 D = Time resting spent in this place.
 E = Time spent auto-exploring this place.
 F = Levels seen in this place.
 G = Mean time per level.
                   A        B        C        D        E       F      G
               +--------+--------+--------+--------+--------+-----+--------+
         Total |  10332 |   9090 |   1242 |      4 |   7530 |   8 | 1291.5 |
       Dungeon |  10276 |   9089 |   1187 |      4 |   7530 |   7 | 1468.0 |
        Temple |     56 |      1 |     55 |      0 |      0 |   1 |   56.0 |
               +--------+--------+--------+--------+--------+-----+--------+

Top non-repeatable levels by time:
     D:4: 2379 daAuts
     D:6: 2107 daAuts
     D:1: 1609 daAuts
     D:5: 1435 daAuts
     D:2: 1139 daAuts
     D:3: 1044 daAuts
     D:7: 562 daAuts
  Temple: 56 daAuts
